 Dungeon Sprint DCSS version 0.30.1-5-ged363bc7ee (webtiles) character file.

Game seed: 8188797857795632214

2 Heoruswealwe the Trooper (level 1, -2/20 HPs)
             Began as a Hill Orc Fighter on Sept 19, 2023.
             Slain by a wight
             ... wielding a +5 mace of freezing
              (10 damage)
             ... in the Dungeon (Sprint VII: "The Pits").
             The game lasted 00:01:00 (60 turns).

Heoruswealwe the Trooper (Hill Orc Fighter)           Turns: 60, Time: 00:01:00

Health: -2/20      AC:  6    Str: 18    XL:     1   Next: 30%
Magic:  1/1        EV:  9    Int:  8    God:
Gold:   0          SH:  4    Dex: 10    Spells: 0/0 levels left

rFire   . . .        a - +0 war axe
rCold   . . .        d - +0 buckler
rNeg    . . .        c - +0 scale mail
rPois   .            (no helmet)
rElec   .            (no cloak)
rCorr   .            (no gloves)
SInv    .            (no boots)
Will    .....        (no amulet) Stlth
                     (no ring)
HPRegen 0.23/turn    (no ring)
MPRegen 0.07/turn

%: no teleportation
@: no status effects
A: no striking features
a: no special abilities


You were in the Dungeon.
You visited 1 branch

Inventory:

Hand Weapons
 a - a +0 war axe (weapon)
Armour
 c - a +0 scale mail (worn)
 d - a +0 buckler (worn)
Scrolls
 j - a scroll of blinking
Potions
 b - a potion of might
 e - a potion of curing
 f - a potion of heal wounds
 g - a potion of haste
 h - 2 potions of magic
 i - a potion of berserk rage


   Skills:
 + Level 3.9 Fighting
 + Level 3.1 Axes
 + Level 3.5 Armour
 + Level 3.5 Shields


You couldn't memorise any spells.
You didn't know any spells.
Your spell library was empty.

Dungeon Overview and Level Annotations

Branches:
Dungeon (1/1)

Altars:


Message History

Adjust (i)tems, (s)pells, or (a)bilities?
b - a +0 scale mail (worn)
Adjust to which letter? (? for menu, Esc to quit)
c - a +0 scale mail (worn);
b - a potion of might As you open the door, it creaks loudly!
There is an open door to the Entrance Hall (Safe) here.
You open the door.
A ball python comes into view.
The ball python hisses angrily.
The ball python closely misses you. The ball python grabs you.
The ball python constricts you.
You slash the ball python!
You kill the ball python!
There is an open door to the Storerooms (Easy) here.
You see here a ball python corpse.
You open the door.
There is an open door here.
You open the door.
A kobold and 2 wights come into view.
The kobold shouts!
A wight comes into view. It is wielding a +1 short sword.
A jelly comes into view.
A wight comes into view. It is wielding a +5 mace of freezing.
You closely miss the kobold. The kobold hits you with a +0 dagger.
You closely miss the kobold. You block the kobold's attack.
The kobold hits you with a +0 dagger.
You slash the kobold!
You kill the kobold!
Your Axes skill increases to level 3!
You closely miss the wight. The wight closely misses you.
You hit the wight but do no damage. You hit the wight.
The wight is moderately damaged.
The wight hits you with a +5 mace of freezing!
The wight freezes you.
You barely miss the wight.
The wight is moderately damaged.
The wight hits you with a +5 mace of freezing!
Ouch! That really hurt!
You die...

#...........†.....
#'#####+#####.....
#.# #..... #.#
####'# #.# #.....
#.# #..... #.#
#..... #.# #...<.
#@# #..... #z#
#..... #z# #.....


#Jz ###### #z.. #...# #..## #... #... You could see a jelly and 4 wights.

Vanquished Creatures
  A kobold (D)
  A ball python (D)
2 creatures vanquished.

Notes
Turn   | Place    | Note
-------+----------+-------------------------------------------
     0 | D        | Heoruswealwe the Hill Orc Fighter began the quest for the
                  | Orb.
     0 | D        | Reached XP level 1. HP: 19/19 MP: 1/1
    50 | D        | Noticed a wight
    50 | D        | Noticed a wight
    50 | D        | Noticed a wight
    50 | D        | Noticed a jelly
    51 | D        | Noticed a wight
    60 | D        | Slain by a wight

Illustrated notes

Levels and vault maps discovered:
D:        pitsprint [storerooms_1, entrance_room_1, metal_vault_6, armoury_2,
          mini_pit_1, grid_room_1, main_hall_1, silver_pit, the_coven_1,
          the_vestibule_1, steel_vault_3, golden_pit, hallway_of_sentries,
          crystal_vault_2, iron_vault_4, final_vault]

Skill      XL: |  1 |
---------------+----+-----
Axes           | 3 |  3.1
Fighting       | |  3.9
Armour         | |  3.5
Shields        | |  3.5

Action                     || total
---------------------------++-------
  Melee: War axe           ||     8
  Dodge: Dodged            ||     2
  Block: Buckler           ||     1
